 Dungeon Crawl Stone Soup version 0.28.0-53-g5a82cb258f (webtiles) character file.

Game seed: 9802541861414319211

12 yppahwax the Grasshopper (level 2, -1/26 HPs)
             Began as a Gnoll Warper on Sept 6, 2022.
             Slain by a goblin
             ... wielding a +0 club
              (4 damage)
             ... on level 2 of the Dungeon.
             The game lasted 00:03:45 (259 turns).

yppahwax the Grasshopper (Gnoll Warper)              Turns: 259, Time: 00:03:46

Health: -1/26      AC:  3    Str: 10    XL:     2   Next: 33%
Magic:  7/7        EV: 12    Int: 12    God:
Gold:   23         SH:  0    Dex: 11    Spells: 10/10 levels left

rFire   . . .      SeeInvis .   a - +0 hand axe
rCold   . . .      Faith    .   (no shield)
rNeg    . . .      Spirit   .   b - +0 leather armour
rPois   .          Reflect  .   (no helmet)
rElec   .          Harm     .   (no cloak)
rCorr   .          Rampage  .   (no gloves)
Will    .....                   (no boots)
Stlth   +.........              (no amulet)
HPRegen 0.08/turn               (no ring)
MPRegen 0.10/turn               (no ring)

@: lethally poisoned (-1 -> -6)
A: fangs 1, strong nose, distributed training
a: no special abilities


You were on level 2 of the Dungeon.
You visited 1 branch of the dungeon, and saw 2 of its levels.

You collected 23 gold pieces.

Inventory:

Hand Weapons
 a - a +0 hand axe (weapon)
Missiles
 d - 5 boomerangs of dispersal (quivered)
Armour
 b - a +0 leather armour (worn)
Scrolls
 c - a scroll of blinking
Potions
 e - a potion of might {unknown}


   Skills:
 + Level 4.4 Fighting
 + Level 0.3 Short Blades
 + Level 0.3 Long Blades
 + Level 4.4 Axes
 + Level 0.3 Maces & Flails
 + Level 0.3 Polearms
 + Level 0.3 Staves
 + Level 0.3 Slings
 + Level 0.3 Bows
 + Level 0.3 Crossbows
 + Level 2.4 Throwing
 + Level 2.4 Armour
 + Level 4.4 Dodging
 + Level 0.3 Stealth
 + Level 0.3 Shields
 + Level 0.3 Unarmed Combat
 + Level 4.9 Spellcasting
 + Level 0.2 Conjurations
 + Level 0.2 Hexes
 + Level 0.2 Summonings
 + Level 0.2 Necromancy
 + Level 5.3 Translocations
 + Level 0.2 Transmutations
 + Level 0.2 Fire Magic
 + Level 0.2 Ice Magic
 + Level 0.2 Air Magic
 + Level 0.2 Earth Magic
 + Level 0.2 Poison Magic
 + Level 0.4 Invocations
 + Level 0.3 Evocations


You had 10 spell levels left.
You didn't know any spells.
Your spell library contained the following spells:

 Spells                   Type           Power      Damage    Failure   Level
 Blink                    Tloc           30%        N/A       4%          2
 Gell's Gravitas          Tloc           15%        N/A       9%          3
 Lesser Beckoning         Tloc           15%        N/A       9%          3
 Teleport Other           Tloc           15%        N/A       9%          3
 Manifold Assault         Tloc           15%        N/A       63%         5


Dungeon Overview and Level Annotations

Branches:
Dungeon (2/15)

Altars:


Innate Abilities, Weirdness & Mutations

You have very sharp teeth.
Your uncanny sense of smell can sniff out nearby items.
Your experience applies equally to all skills.


Message History

You are frozen.
The dart slug bites you.
The adder hisses angrily.
You hit the endoplasm.
The endoplasm is heavily wounded.
You hit the rat.
You kill the rat!
You hit the dart slug.
The endoplasm hits you but does no damage.
You hit the endoplasm.
The endoplasm is severely wounded.
You barely miss the dart slug. The dart slug bites you.
The endoplasm hits you but does no damage.
The quokka bites you. The endoplasm hits you.
You see here a rat corpse.
You hit the quokka but do no damage. You hit the endoplasm.
You kill the endoplasm!
You hit the dart slug but do no damage. The quokka bites you.
You closely miss the quokka. You hit the dart slug.
The quokka bites you but does no damage.
The dart slug launches a dart at you.
The slug dart hits you but does no damage.
The quokka bites you.
You hit the quokka.
The quokka is heavily wounded.
You hit the dart slug but do no damage. You closely miss the goblin.
The goblin closely misses you. The dart slug bites you.
* * * LOW HITPOINT WARNING * * *
The quokka bites you.
* * * LOW HITPOINT WARNING * * *
The adder barely misses you. The goblin barely misses you.
You hit the adder.
The adder is heavily wounded.
You barely miss the quokka. You hit the dart slug. You barely miss the goblin.
The adder bites you.
* * * LOW HITPOINT WARNING * * *
You are lethally poisoned!
The adder poisons you! The quokka barely misses you.
The dart slug bites you but does no damage.
The goblin hits you with a +0 club.
You die...

..... ....#
....# ....#
....# ....#
#####+#....#
#.....wg...#
#.....@S.###
.........r..#
....###......#
... #......# .
#......#
#........
#...(.....
...##.....


You could see an adder, a dart slug, a quokka and a goblin.

Vanquished Creatures
  An endoplasm (D:2)
  2 goblins (D:1)
  2 hobgoblins (D:1)
  A ball python (D:1)
  3 kobolds (D:1)
  3 rats
12 creatures vanquished.

Notes
Turn   | Place    | Note
-------+----------+-------------------------------------------
     0 | D:1      | yppahwax the Gnoll Warper began the quest for the Orb.
     0 | D:1      | Reached XP level 1. HP: 20/20 MP: 6/6
   184 | D:1      | Reached XP level 2. HP: 18/26 MP: 7/7
   250 | D:1      | You fall into a shaft and drop 1 floor!
   259 | D:2      | Slain by a goblin

Illustrated notes

Levels and vault maps discovered:
D:1:      lemuel_arrival_behind_the_door_large, layout_loops_ring, serial_glass,
          glass_columns_b, glass_columns_c, glass_columns_a, glass_columns_b,
          glass_columns_a, glass_columns_a, due_unseen_surprise,
          item_on_display_a, minmay_strange_pillars, minmay_strange_pillars,
          minmay_distorted
D:2:      layout_basic, serial_shops, shop_fountains, st_stairs_4,
          serial_bayou_pond_b, kennysheep_generic_room_3

Action                   || total
-------------------------++-------
Melee: Hand axe          ||    39
       Punch             ||     1
       Bite              ||     1
  Use: Scroll            ||     1
Armor: Leather armour    ||    10
Dodge: Dodged            ||    28
